 Dungeon Crawl Stone Soup version 0.30.0 (webtiles) character file.

Game seed: 14766578239210716810

62 dialectric the Shield-Bearer (level 4, -2/25 HPs)
             Began as a Gargoyle Wanderer on May 6, 2023.
             Killed from afar by Sigmund (3 damage)
             ... with a puff of flame
             ... on level 2 of the Dungeon.
             The game lasted 00:01:31 (1618 turns).

dialectric the Shield-Bearer (Gargoyle Wanderer)    Turns: 1618, Time: 00:01:31

Health: -2/25      AC:  6    Str: 19    XL:     4   Next: 8%
Magic:  4/4        EV: 10    Int:  9    God:
Gold:   70         SH:  5    Dex: 11    Spells: 3/3 levels left

rFire   . . .        a - +2 hand axe
rCold   . . .        c - +0 buckler
rNeg    + . .        e - +0 leather armour
rPois   ∞            (no helmet)
rElec   +            (no cloak)
rCorr   .            (no gloves)
SInv    .            (no boots)
Will    .....        (no amulet)
Stlth   +            (no ring)
HPRegen 0.24/turn    (no ring)
MPRegen 0.09/turn

%: no passive effects
@: no status effects
A: sickness immunity, AC +3, negative energy resistance 1, electricity
resistance, torment resistance 1, petrification resistance
a: no special abilities


You were on level 2 of the Dungeon.
You visited 1 branch of the dungeon, and saw 2 of its levels.

You collected 70 gold pieces.

Inventory:

Hand Weapons
 a - a +2 hand axe (weapon)
 b - a +0 quarterstaff
Missiles
 f - 2 javelins (quivered)
Armour
 c - a +0 buckler (worn)
 e - a +0 leather armour (worn)
 k - a scarf of harm
Scrolls
 d - a scroll of fog
 i - a scroll of silence {unknown}
 j - a scroll of identify
 n - a scroll of fear {unknown}
Potions
 g - a potion of lignification {unknown}
 h - a potion of curing
 l - a potion of mutation {unknown}


   Skills:
 + Level 1.5 Fighting
 + Level 2.1 Axes
 + Level 2.3 Staves
 + Level 2.0 Armour
 + Level 0.2 Dodging
 + Level 5.2 Shields


You had 3 spell levels left.
You didn't know any spells.
Your spell library was empty.

Dungeon Overview and Level Annotations

Branches:
Dungeon (2/15)

Altars:

Annotations:
D:2 Sigmund


Innate Abilities, Weirdness & Mutations

You are immune to sickness and miasma.
Your stone body is resilient. (AC +3)
You are immune to poison.
You resist negative energy. (rN+)
You are resistant to electric shocks. (rElec)
You are resistant to unholy torment.
You are immune to petrification.


Message History

A goblin is nearby!
You barely miss the goblin. The goblin hits you but does no damage.
You closely miss the goblin. The goblin hits you with a +0 club.
You slash the goblin!
You kill the goblin!
No target in view!
No target in view!
No target in view!
No target in view!
No target in view!
No target in view!
No target in view!
Sigmund the Dreaded comes into view.
He is wielding a +0 heavy scythe.
You see here a +0 club.
Found a pair of embroidered boots.
Sigmund casts a spell at you. The puff of flame hits you!
Sigmund is nearby!
Sigmund casts a spell at you. You resist with some effort.
Sigmund is nearby!
Sigmund is nearby!
You barely miss Sigmund.
Sigmund mumbles some strange words.
Sigmund flickers and vanishes!
Deactivating autopickup; reactivate with Ctrl-A.
Something hits you!
* * * LOW HITPOINT WARNING * * *
You are too injured to fight recklessly!
Unknown command.
You feel better.
The air fills with toxic fumes!
As you read the scroll labelled YNEOMA SIQIRPH, it crumbles to dust.
It was a scroll of poison.
Something hits you!
Ouch! That really hurt!
* * * LOW HITPOINT WARNING * * *
A puff of flame appears from out of thin air!
The puff of flame hits you.
You die...

#.##.##.##........
#.......##..######
####.#####..# ##
#...# #### #.
#.#.# ## #...# #
#####.## #
#§.§#§## #
#§#@§#.# #
#§§§#.## #
####§#### #
#..§{§..# ##.###
#.##.##.# ...... #
#§# .. .#.##. #§§
... ...#. ### ..
#..<. . ##.#.


There were no monsters in sight!

Vanquished Creatures
  2 adders (D:2)
  2 dart slugs (D:2)
  3 bats
  5 endoplasms
  2 giant cockroaches
  4 goblins
  5 hobgoblins
  3 quokkas (D:1)
  3 ball pythons (D:1)
  2 frilled lizards
  3 kobolds
  2 rats (D:1)
36 creatures vanquished.

Notes
Turn   | Place    | Note
-------+----------+-------------------------------------------
     0 | D:1      | dialectric the Gargoyle Wanderer began the quest for the
                  | Orb.
     0 | D:1      | dialectric set off with the following items: a +2 hand axe,
                  | a +0 quarterstaff, a +0 buckler, a scroll of fog, a +0
                  | leather armour.
     0 | D:1      | Reached XP level 1. HP: 12/12 MP: 1/1
   181 | D:1      | Reached XP level 2. HP: 12/16 MP: 2/2
   641 | D:1      | Reached skill level 5 in Shields
   944 | D:1      | Reached XP level 3. HP: 18/20 MP: 3/3
  1453 | D:2      | Reached XP level 4. HP: 25/25 MP: 4/4
  1610 | D:2      | Noticed Sigmund
  1616 | D:2      | HP: 1/25 [something (13)]
  1618 | D:2      | Killed from afar by Sigmund

Illustrated notes

Levels and vault maps discovered:
D:1:      erik_arrival_cave_to_civilisation [erik_arrival_cave_to_hall],
          layout_basic
D:2:      layout_loops_cross, uniq_sigmund

Skill      XL: |  1  2  3 |
---------------+----------+-----
Shields        | 5 |  5.2
Axes           | 2 |  2.1
Armour         | 2 |  2.0
Fighting       | |  1.5
Staves         | |  2.3
Dodging        | |  0.2

Action                     |  1- 3 |  4- 6 || total
---------------------------+-------+-------++-------
  Melee: Hand axe          |   109 |     5 ||   114
    Use: Scroll            |       |     2 ||     2
         Potion            |       |     1 ||     1
 Armour: Leather armour    |    46 |     1 ||    47
  Dodge: Dodged            |    55 |     1 ||    56
  Block: Buckler           |    30 |       ||    30
